[Event "Turkey IS Bank Super League 2017"]
[Site "Darica-Kocaeli"]
[Date "2017.08.04"]
[Round "10"]
[White "Ozenir, Ekin Baris"]
[Black "Tanriverdi, Enes"]
[Result "0-1"]
[ECO "E92"]
[WhiteElo "2098"]
[BlackElo "2247"]
[Annotator "NA RC"]
[PlyCount "80"]
[EventType "team-tourn"]
[EventCountry "TUR"]
[SourceTitle "playchess.com"]
[Source "ChessBase"]
[SourceQuality "1"]
[TimeControl "40/5400+30:1800+30"]

1. d4 g6 2. e4 Bg7 3. c4 d6 4. Nc3 Nf6 5. Be2 O-O 6. Nf3 e5 7. d5 a5 8. h3 Na6 9. Bg5 h6 {[%emt 0:09:30] LiveBook: 103 Games} 10. Be3 Kh8 {[%emt 0:18:30] E92: King's Indian: Classical: 6 Be2 e5: 7 dxe5, 7 Be3 and Petrosian System without 7...Nbd7} (10... Nh5 $11 {remains equal.}) (10... c6 11. Nd2 Bd7 12. g4 Nc5 13. h4 a4 14. g5 hxg5 15. hxg5 Nh7 16. Rg1 Qa5 17. Qc2 a3 18. b4 Qxb4 19. Rb1 Qa5 20. Bxc5 dxc5 21. Rxb7 {0-1 (56) Krasenkow,M (2614)-Hillarp Persson,T (2544) Stockholm 2015}) 11. g4 $146 ({Predecessor:} 11. O-O Ng8 12. Nd2 Bd7 13. a3 Qe7 14. Qc2 f5 15. exf5 gxf5 16. f4 a4 17. Rae1 Rae8 18. Bh5 {1-0 (41) Panzer,P (2330)-Keschitz,G (2290) Budapest 1993}) 11... Ng8 12. Nd2 ({Better is} 12. g5 $16) 12... f5 13. exf5 gxf5 14. gxf5 Bxf5 15. Nde4 Qh4 16. Bg4 Bh7 17. Qd2 Nf6 18. Ng3 $1 Nb4 19. Bf5 Qxc4 20. Bxh6 $2 (20. b3 $17 {might work better.} Nd3+ 21. Kd1) 20... Bxh6 ({Worse is} 20... Nbxd5 21. Bxg7+ Kxg7 22. Be6 $16) 21. Qxh6 Qf4 ({Worse is} 21... Nbxd5 22. Nh5 $11) 22. Qxf4 exf4 23. Bxh7 Kxh7 ({Much less strong is} 23... Nxh7 24. Nge4 $19) 24. Nge2 Nc2+ ({Weaker is} 24... Nbxd5 25. Nxd5 Nxd5 26. O-O-O $17) (24... Nfxd5 25. Kd2 $17) 25. Kd2 Nxa1 26. Nxf4 {[%emt 0:00:30] [#]} Nc2 (26... Ne4+ $142 $1 27. Nxe4 Rxf4) 27. Kxc2 {[%emt 0:00:30] [#]} Ne4 $1 28. Nxe4 Rxf4 29. Kd3 Re8 30. Re1 Re5 31. Re2 Rxd5+ 32. Ke3 Rf8 33. f4 Kh6 34. Rg2 Re8 35. Rg4 Rd1 36. Rh4+ Kg7 37. f5 d5 38. f6+ Kg8 39. Rg4+ $19 Kf8 40. Ke2 Rd4 0-1

[Event "Turkey IS Bank Super League 2017"]
[Site "Darica-Kocaeli"]
[Date "2017.08.04"]
[Round "10"]
[White "Karagollu, Ahmet"]
[Black "Yelken, Mustafa"]
[Result "1/2-1/2"]
[ECO "A07"]
[WhiteElo "2083"]
[BlackElo "2171"]
[Annotator "ChessBase"]
[PlyCount "116"]
[EventType "team-tourn"]
[EventCountry "TUR"]
[SourceTitle "playchess.com"]
[Source "ChessBase"]
[SourceQuality "1"]
[TimeControl "40/5400+30:1800+30"]

1. g3 d5 2. Bg2 Nf6 3. d3 e5 4. Nf3 Nc6 5. O-O Be7 6. Nbd2 O-O 7. e4 dxe4 8. dxe4 Be6 9. h3 Nd7 10. Qe2 Nb6 11. b3 Bb4 12. Bb2 Bxd2 13. Rad1 Qc8 14. Rxd2 f6 15. Kh2 Rd8 16. Rxd8+ Qxd8 17. Rd1 Qf8 18. Nh4 Rd8 19. Nf5 Rxd1 20. Qxd1 Qc5 21. Ne3 a5 22. Qd2 a4 23. Bc3 a3 24. h4 Kf7 25. Nd5 Bxd5 26. exd5 Nd4 27. Bxd4 Qxd4 28. Qc1 Qxf2 29. Qd1 Qd4 30. Qh5+ Kf8 31. Qxh7 Nxd5 32. Qh8+ Kf7 33. Bxd5+ Qxd5 34. Qh5+ Ke7 35. Qg4 Qd2+ 36. Kh1 Qc1+ 37. Kh2 Qxc2+ 38. Kh3 g6 39. Qb4+ Kd7 40. Qxa3 Qf5+ 41. Kg2 Qe4+ 42. Kh2 Qe2+ 43. Kh3 Qf1+ 44. Kh2 Qf2+ 45. Kh3 Qf5+ 46. Kg2 e4 47. Qa4+ c6 48. Qb4 Qf3+ 49. Kh2 Qf2+ 50. Kh3 Qf5+ 51. Kg2 Kc7 52. Qe7+ Kb8 53. Qf8+ Ka7 54. Qa3+ Kb6 55. Qb4+ Kc7 56. Qe7+ Kb6 57. Qb4+ Ka6 58. Qa4+ Kb6 1/2-1/2

[Event "Turkey IS Bank Super League 2017"]
[Site "Darica-Kocaeli"]
[Date "2017.08.04"]
[Round "10"]
[White "Duran, Esma Doga"]
[Black "Ayazmali, Gizem"]
[Result "1-0"]
[ECO "E94"]
[WhiteElo "1939"]
[BlackElo "1849"]
[Annotator "NA"]
[PlyCount "135"]
[EventType "team-tourn"]
[EventCountry "TUR"]
[SourceTitle "playchess.com"]
[Source "ChessBase"]
[SourceQuality "1"]
[TimeControl "40/5400+30:1800+30"]

1. d4 Nf6 2. c4 g6 3. Nc3 Bg7 4. e4 d6 5. Nf3 O-O 6. Be2 Nbd7 7. O-O c6 8. h3 e5 9. dxe5 dxe5 10. Be3 Qe7 11. Qc2 Nh5 {[%emt 0:05:30] E94: King's Indian: Classical: 6 Be2 e5 7 0-0: Various Black 7th moves} 12. Rfd1 Nc5 13. b4 Ne6 {[%emt 0:02:30] LiveBook: 3 Games} 14. c5 Nhf4 15. Bc4 Ng5 16. Nxg5 Qxg5 17. Bxf4 $1 exf4 18. Qd3 $146 (18. Rd3 $1 $15) 18... Qf6 (18... a5 $19 19. Rac1 axb4) 19. Rac1 Be6 20. Bxe6 Qxe6 21. Qd7 Rad8 22. Qxe6 fxe6 23. Ne2 Be5 24. f3 Kf7 25. Kf2 Ke7 26. Ke1 Rxd1+ 27. Rxd1 Rd8 28. Rxd8 Kxd8 29. Kd2 b6 30. Kd3 Kd7 31. cxb6 axb6 32. a4 c5 $2 (32... b5 $11) 33. bxc5 bxc5 34. Kc4 Kc6 35. Nc1 Bc7 36. Nd3 Bd6 37. e5 Bc7 38. Nxc5 ({Don't take} 38. Nxf4 Bxe5 39. Nxe6 Bd6 $18) 38... Bxe5 39. Nxe6 h6 40. a5 Bb8 41. Nd4+ Kb7 42. Kd5 Bc7 43. Ne6 Bxa5 44. Nxf4 g5 45. Ne6 Kc8 46. Kd6 Bb4+ 47. Kc6 Bc3 48. g4 Bb2 49. Kd6 Bf6 50. Nf8 Kd8 51. Ke6 Bb2 52. Kf7 Bc3 53. Ne6+ Kd7 54. Ng7 Kd6 55. Nf5+ Ke5 56. Kg6 Kf4 57. Kxh6 Bd2 58. Nd6 (58. Kh5 $142 Bc3 59. Nd6) 58... Kxf3 {[%emt 0:01:30] [#]} 59. Kh5 $1 Kg2 60. Ne4 $1 Bb4 61. Nxg5 Kg3 62. h4 Be7 63. Ne4+ Kf4 64. Nc3 Ke5 65. g5 Kf5 66. Nd5 Bf8 67. Ne3+ $18 (67. Nc7 $142 Ba3 68. g6 Bb2 69. Ne8 Bh8 70. g7 Bxg7 71. Nxg7+ Kf6 72. Kh6) 67... Ke4 68. Kg6 1-0

[Event "Turkey IS Bank Super League 2017"]
[Site "Darica-Kocaeli"]
[Date "2017.08.04"]
[Round "10"]
[White "Yassibag, Ipek Asli"]
[Black "Kargaci, Humeyra"]
[Result "1-0"]
[ECO "C56"]
[WhiteElo "1880"]
[BlackElo "1737"]
[Annotator "NA RC"]
[PlyCount "39"]
[EventType "team-tourn"]
[EventCountry "TUR"]
[SourceTitle "playchess.com"]
[Source "ChessBase"]
[SourceQuality "1"]
[TimeControl "40/5400+30:1800+30"]

1. e4 e5 2. Nf3 Nc6 3. Bc4 Bc5 4. O-O Nf6 5. d4 exd4 6. e5 d5 7. exf6 dxc4 8. Re1+ Be6 9. Ng5 g6 10. Qf3 Qd7 $2 {[%emt 0:10:30] [#]} (10... O-O $1 $11 {and Black stays safe.} 11. Rxe6 fxe6 12. f7+ Kh8) 11. Rxe6+ $1 fxe6 (11... Kf8 $142 12. Re1 h6) 12. f7+ Ke7 13. Ne4 Qd5 14. Bg5+ Kf8 15. Qf6 h6 16. Qxh8+ Kxf7 17. Qh7+ $18 Kf8 18. Bxh6+ Ke8 19. Nf6+ Kd8 20. Nxd5 1-0

[Event "Turkey IS Bank Super League 2017"]
[Site "Darica-Kocaeli"]
[Date "2017.08.04"]
[Round "10"]
[White "Ayan, Bengu Sena"]
[Black "Onur, Cigdem"]
[Result "0-1"]
[ECO "E05"]
[WhiteElo "1862"]
[BlackElo "1699"]
[Annotator "NA RC"]
[PlyCount "64"]
[EventType "team-tourn"]
[EventCountry "TUR"]
[SourceTitle "playchess.com"]
[Source "ChessBase"]
[SourceQuality "1"]
[TimeControl "40/5400+30:1800+30"]

1. d4 d5 2. Nf3 Nf6 3. g3 e6 4. Bg2 Be7 5. c4 O-O 6. O-O dxc4 7. Qc2 b5 8. a4 {[%emt 0:06:30] E05: Open Catalan: 5 Nf3 Be7} b4 9. Qxc4 (9. Nfd2 c6 10. Nxc4 Qxd4 11. Rd1 Qc5 12. b3 Ba6 13. Nbd2 Nbd7 14. Bb2 Rad8 15. Rac1 Nb6 {½-½ (64) Ding,L (2781)-Wei,Y (2738) Danzhou 2017}) 9... Ba6 10. Qc2 Nbd7 11. Ne5 Nxe5 {[%emt 0:00:30] LiveBook: 6 Games} 12. Bxa8 Qxd4 13. Bg2 Nd5 $146 ({Predecessor:} 13... c5 14. Rd1 Qc4 15. Qxc4 Nxc4 {½-½ (33) Kochyev,A (2372)-Ronka,E (2231) Hamina 2016}) 14. Re1 {[%emt 0:04:30] [#]} (14. Rd1 $11 Qg4 15. Re1 (15. Bxd5 exd5 16. Rxd5 b3 $15)) 14... Ng4 $1 15. e3 $1 Qf6 16. h3 $2 {[%emt 0:02:21] [#]} (16. f3 $17 {is a better chance.} Ngxe3 17. Rxe3 (17. Bxe3 $2 Nxe3 18. Rxe3 Qd4 $17)) 16... b3 $1 17. Qd2 Bb4 18. Nc3 Nxc3 19. hxg4 Ne2+ 20. Rxe2 Bxd2 21. Rxd2 Rd8 $19 22. Be4 Qe7 23. Ra3 Bc4 24. Ra1 c5 25. a5 Rd6 26. Bg2 Qd8 27. Rxd6 Qxd6 28. a6 Qd1+ 29. Kh2 Qe1 30. Kh3 Qg1 31. Ra5 Bf1 32. Bxf1 Qh1# 0-1

[Event "Turkey IS Bank Super League 2017"]
[Site "Darica-Kocaeli"]
[Date "2017.08.04"]
[Round "10"]
[White "Sade, Defne"]
[Black "Gundogan, Sinem Cagla"]
[Result "1/2-1/2"]
[ECO "C60"]
[WhiteElo "1654"]
[BlackElo "2000"]
[Annotator "NA"]
[PlyCount "145"]
[EventType "team-tourn"]
[EventCountry "TUR"]
[SourceTitle "playchess.com"]
[Source "ChessBase"]
[SourceQuality "1"]
[TimeControl "40/5400+30:1800+30"]

1. e4 e5 2. Nf3 Nc6 3. Bb5 Nge7 4. Nc3 d6 {[%emt 0:00:00] C60: Ruy Lopez: Unusual Black 3rd moves and 3...g6} (4... g6 5. d4 exd4 6. Nd5 Bg7 7. Bg5 h6 8. Bf6 Bxf6 9. Nxf6+ Kf8 10. Qd2 a6 11. Bc4 Nf5 12. Nd5 Nd6 13. Bd3 Kg7 14. O-O-O Re8 {1-0 (47) Navara,D (2726)-Movsesian,S (2653) Prague 2016}) 5. Nd5 Bd7 (5... a6 $5 6. Be2 Nxd5 7. exd5 Ne7 $11) 6. d4 Ng6 7. O-O Be7 8. Nxe7 Qxe7 9. d5 Nb8 10. Bxd7+ Nxd7 11. Re1 $146 ({Predecessor:} 11. c4 Nc5 12. Qc2 a5 13. Be3 O-O 14. b3 Qd7 {0-1 (42) Wafa,S (2010)-Mona,K (2084) Abu Dhabi 2013}) 11... O-O 12. c4 a5 13. b3 Nc5 14. Qc2 Qd7 15. Ng5 f6 16. Nh3 f5 17. exf5 Rxf5 18. Ng5 Raf8 19. f3 Nh4 20. Be3 b6 21. Ne4 Qf7 (21... Nxe4 $11 {keeps the balance.} 22. Qxe4 Ng6) 22. Bf2 Nxe4 23. Bxh4 Ng5 24. Bxg5 Rxg5 25. Kh1 Qh5 26. Re3 Rf4 27. g4 (27. Qf2 $11 {remains equal.}) 27... Qh6 28. Rae1 Qf6 29. Qg2 h5 30. h3 hxg4 31. hxg4 (31. fxg4 $17 {was the only defense.} Rg6 32. Kg1) 31... e4 $2 (31... Rg6 $19 32. Kg1 Qg5) 32. Rxe4 Rxf3 33. Re8+ Kh7 34. Qh2+ Qh6 35. Qxh6+ Kxh6 36. Rh8+ Kg6 37. Re6+ Kf7 38. Re4 Rf1+ 39. Kg2 Ra1 40. Kf3 Rxa2 41. Rhe8 (41. Rc8 $16) 41... Re5 42. R4xe5 dxe5 43. Rxe5 Rb2 44. Re3 Rc2 45. Kf4 a4 46. bxa4 Rxc4+ 47. Re4 Rc5 48. Ke5 c6 49. Rd4 Ra5 50. Kd6 cxd5 51. Kc6 {[%emt 0:01:31] [#]} Rc5+ $1 52. Kd6 {[%emt 0:09:46] [#]} Kf6 $1 53. g5+ Kxg5 54. Rxd5+ Rxd5+ (54... Kf6 ) 55. Kxd5 Kf6 56. Kc6 g5 57. Kxb6 g4 58. a5 g3 59. a6 g2 60. a7 g1=Q+ 61. Kb7 Qg2+ 62. Kb8 Qg8+ 63. Kb7 Qd5+ 64. Kb8 Qd6+ 65. Kb7 Qd7+ 66. Kb8 Qb5+ 67. Ka8 Qc6+ 68. Kb8 Ke7 69. a8=Q Qd6+ 70. Ka7 Qc5+ 71. Ka6 $11 Qa3+ 72. Kb7 Qxa8+ 73. Kxa8 1/2-1/2